 Dungeon Crawl Stone Soup version 0.29-a0-82-g837932c90e (webtiles) character file.

Game seed: 9224630578324057236

29 tatocazan the Sneak (level 3, -4/18 HPs)
             Began as a Spriggan Brigand on Feb 5, 2022.
             Slain by a goblin (5 damage)
             ... led by Robin
             ... on level 2 of the Dungeon.
             The game lasted 00:01:16 (1092 turns).

tatocazan the Sneak (Spriggan Brigand)              Turns: 1092, Time: 00:01:16

Health: -4/18      AC:  3    Str:  7    XL:     3   Next: 1%
Magic:  4/4        EV: 16    Int: 12    God:
Gold:   37         SH:  0    Dex: 18    Spells: 2/2 levels left

rFire   . . .      SeeInvis +   a - +2 dagger
rCold   . . .      Faith    .   (no shield)
rNeg    . . .      Spirit   .   b - +0 robe
rPois   .          Reflect  .   (helmet restricted)
rElec   .          Harm     .   c - +0 cloak
rCorr   .          Rampage  .   (gloves unavailable)
Will    .....                   (boots unavailable)
Stlth   ++++......              (no amulet)
HPRegen 0.06/turn               (no ring)
MPRegen 0.09/turn               (no ring)

@: hasted, very quick
A: very small, no large weapons, unfitting armour, see invisible, speed 3
a: no special abilities


You were on level 2 of the Dungeon.
You visited 1 branch of the dungeon, and saw 2 of its levels.

You collected 37 gold pieces.

Inventory:

Hand Weapons
 a - a +2 dagger (weapon)
Missiles
 d - 8 poisoned darts (quivered)
 e - 2 curare-tipped darts
Armour
 b - a +0 robe (worn)
 c - a +0 cloak (worn)
Scrolls
 f - a scroll of teleportation {unknown}
 g - a scroll of enchant weapon {unknown}
 i - a scroll of holy word {unknown}


   Skills:
 + Level 1.9 Fighting
 * Level 3.0 Short Blades
 - Level 2.0 Throwing
 - Level 1.3 Dodging
 * Level 6.5 Stealth


You had 2 spell levels left.
You didn't know any spells.
Your spell library contained the following spells:

 Spells                   Type           Power      Damage    Failure   Level
 Ignite Poison            Fire/Tmut/Pois 0%         N/A       69%         3
 Mephitic Cloud           Conj/Pois/Air  0%         N/A       69%         3
 Freezing Cloud           Conj/Ice/Air   0%         6-21      100%        5


Dungeon Overview and Level Annotations

Branches:
Dungeon (2/15)

Altars:

Annotations:
D:2 Robin


Innate Abilities, Weirdness & Mutations

You are very small and have problems with some larger weapons.
You are too small for most types of armour.
You have supernaturally acute eyesight. (SInv)
You cover ground extremely quickly. (Speed+++)


Message History

You closely miss the goblin. The goblin misses you.
Robin throws the goblin at you!
You completely miss the goblin. The goblin barely misses you.
The goblin hits you but does no damage.
You barely miss the goblin.
A goblin comes into view. It is wielding a +0 dagger.
The goblin hits you with a +0 club. The goblin misses you.
The goblin shouts!
You hit the goblin.
The goblin is severely wounded.
You hear a shout! x2
The goblin barely misses you.
You miss the goblin.
The goblin is severely wounded.
The goblin barely misses you. The goblin hits you with a +0 club.
You are too injured to fight recklessly!
You are too injured to fight recklessly!
You are too injured to fight recklessly!
You are too injured to fight recklessly!
You are too injured to fight recklessly!
You take 12 damage, and have 6/18 hp.
MASSIVE DAMAGE!!
You are too injured to fight recklessly!
You are too injured to fight recklessly!
You are too injured to fight recklessly!
You are too injured to fight recklessly!
You are too injured to fight recklessly!
You are too injured to fight recklessly!
You barely miss the goblin. The goblin completely misses you.
You hit the goblin.
The goblin is heavily wounded.
A kobold comes into view. It is wielding a +0 dagger.
The goblin completely misses you. The goblin misses you.
You closely miss the goblin.
The goblin is heavily wounded.
The goblin misses you. The goblin hits you with a +0 dagger.
* * * LOW HITPOINT WARNING * * *
You take 5 damage, and have 1/18 hp.
MASSIVE DAMAGE!!
It was a potion of haste.
You feel yourself speed up. The goblin closely misses you.
The goblin hits you with a +0 dagger.
You die...

### #.. #.# # #.# .#
##########.#####.#####
...Kggg@g.............
###.g#####.....#. #
#####.# #.# #####.#
#.....# #.######.#
#.<#.....#.
#..........


You could see Robin, a hobgoblin (strong), 3 goblins and a kobold.

Vanquished Creatures
  2 ball pythons (D:1)
  3 endoplasms (D:1)
  A giant cockroach (D:1)
  4 goblins
  2 hobgoblins (D:1)
  2 quokkas (D:1)
  3 bats (D:1)
  3 frilled lizards (D:1)
  4 kobolds (D:1)
  2 rats (D:1)
26 creatures vanquished.

Notes
Turn   | Place    | Note
-------+----------+-------------------------------------------
     0 | D:1      | tatocazan the Spriggan Brigand began the quest for the Orb.
     0 | D:1      | Reached XP level 1. HP: 10/10 MP: 2/2
   164 | D:1      | Found a faded altar of an unknown god.
   215 | D:1      | Reached skill level 6 in Stealth
   304 | D:1      | Reached XP level 2. HP: 15/15 MP: 3/3
   919 | D:1      | Reached XP level 3. HP: 18/18 MP: 4/4
  1078 | D:2      | Noticed Robin
  1092 | D:2      | Slain by a goblin

Illustrated notes

Levels and vault maps discovered:
D:1:      dpeg_arrival_tiny_c, layout_basic,
          shapermc_ecumenical_altar_mp_highgroup,
          nicolae_concentric_dashed_squares_mild
D:2:      layout_basic, serial_shops, nicolae_square_shop, uniq_robin

Skill      XL: |  1  2 |
---------------+-------+-----
Stealth        | 6 |  6.5
Short Blades   | 3 |  3.0
Fighting       | |  1.9
Throwing       | |  2.0
Dodging        | |  1.3

Action                   || total
-------------------------++-------
Melee: Dagger            ||    83
  Use: Potion            ||     1
 Stab: Sleeping          ||     6
Armor: Robe              ||    10
Dodge: Dodged            ||    46

Table legend: (Time is in decaauts)
 A = Elapsed time spent in this place.
 B = Non-inter-level travel time spent in this place.
 C = Inter-level travel time spent in this place.
 D = Time resting spent in this place.
 E = Time spent auto-exploring this place.
 F = Levels seen in this place.
 G = Mean time per level.
                   A        B        C        D        E       F      G
               +--------+--------+--------+--------+--------+-----+--------+
         Total |    793 |    761 |     32 |      4 |    619 |   2 |  396.5 |
       Dungeon |    793 |    761 |     32 |      4 |    619 |   2 |  396.5 |
               +--------+--------+--------+--------+--------+-----+--------+

Top non-repeatable levels by time:
     D:1: 771 daAuts
     D:2: 22 daAuts
